 Dungeon Crawl Stone Soup version 0.30-a0-165-g1891117ce2 (webtiles) character file.

Game seed: 5301867859144730886

77 qw the Chopper (level 4, -3/28 HPs)
             Began as a Gargoyle Fighter on Sept 28, 2022.
             Slain by Natasha (5 damage)
             ... on level 2 of the Dungeon.
             The game lasted 00:00:26 (2098 turns).

qw the Chopper (Gargoyle Fighter)                   Turns: 2098, Time: 00:00:26

Health: -3/28      AC: 10    Str: 21    XL:     4   Next: 33%
Magic:  4/4        EV:  9    Int:  9    God:
Gold:   104        SH:  4    Dex:  9    Spells: 3/3 levels left

rFire   . . .      SeeInvis .    Y - +0 war axe
rCold   . . .      Faith    .    c - +0 buckler
rNeg    + . .      Spirit   .    b - +0 scale mail
rPois   inf        Reflect  .    (no helmet)
rElec   +          Harm     .    (no cloak)
rCorr   .          Rampage  .    (no gloves)
Will    .....                    (no boots)
Stlth   ..........               (no amulet)
HPRegen 0.09/turn                (no ring)
MPRegen 0.09/turn                (no ring)

@: slowed, very slow
A: sickness immunity, AC +3, negative energy resistance 1, electricity
resistance, torment resistance 1, petrification resistance
a: no special abilities


You were on level 2 of the Dungeon.
You visited 1 branch of the dungeon, and saw 2 of its levels.

You collected 104 gold pieces.


Innate Abilities, Weirdness & Mutations

You are immune to sickness and miasma.
Your stone body is resilient. (AC +3)
You are immune to poison.
You resist negative energy. (rN+)
You are resistant to electric shocks. (rElec)
You are resistant to unholy torment.
You are immune to petrification.


   Skills:
 - Level 3.2 Fighting
 + Level 4.0 Axes
 - Level 3.2 Armour
 - Level 3.2 Shields


You had 3 spell levels left.
You didn't know any spells.
Your spell library was empty.

Inventory:

Hand Weapons
 g - a +0 club
 Y - a +0 war axe (weapon)
Armour
 b - a +0 scale mail (worn)
 c - a +0 buckler (worn)
Scrolls
 e - a scroll of identify {unknown}
 f - 2 scrolls of magic mapping {unknown}
 h - a scroll of blinking {unknown}
Potions
 a - a potion of degeneration {unknown}
 d - a potion of might
 i - a potion of heal wounds {unknown}

Dungeon Overview and Level Annotations

Branches:
Dungeon (2/15)

Altars:

Annotations:
D:2 Natasha


Message History

You swing at nothing.
You swing at nothing.
You swing at nothing.
You hear some strange, mumbled words.
A magic dart appears from out of thin air!
The magic dart hits you.
You barely miss something.
You hear some strange, mumbled words.
You hit the iron imp.
The iron imp is lightly wounded.
You miss something.
You hear some strange, mumbled words.
You feel yourself slow down.
The iron imp hits you but does no damage.
You hit the iron imp but do no damage.
The iron imp is lightly wounded.
You miss something.
Something claws you but does no damage. x2; The iron imp hits you.
You slash the iron imp!
The iron imp is heavily wounded.
You closely miss something.
You hear some strange, mumbled words.
A magic dart appears from out of thin air!
The magic dart hits you! The iron imp closely misses you. Something claws you.
The iron imp hits you but does no damage.
You slash the iron imp!
The iron imp is almost dead.
You slash something! Something claws you but does no damage.
The iron imp barely misses you. Something claws you but does no damage.
You barely miss the iron imp.
The iron imp is almost dead.
You barely miss something. Something claws you. The iron imp barely misses you.
Something claws you. The iron imp hits you.
You hit the iron imp but do no damage.
The iron imp is almost dead.
You miss something. Something claws you.
You die...

### #.##.#.# #.#...#.#
#.# ..# #.##.#.#
#.##.##.####.. #.#
##......#
#.##.#........ #.#
#....<###
#.##.#..#.#.## #.#
#.#####
###...........##
#.######.#
######....###.#.....#
.........#
#...##...#####...#..#
..########
#.#.5)...........#..#
###
##...@#.....#..#......
##....{#.....#..#....##
#......##...##.###...##
##......#...#..#:#...##
##.....##.##.##.##....
##.#...#.#[.#...#..##
#.#...###.##...##.##
#.##...#..#.....#...
#.##...#..#.....#.#.


You could see an iron imp (summoned).

Vanquished Creatures
  Natasha (D:2)
  2 adders (D:2)
  A worm (D:2)
  5 endoplasms
  4 giant cockroaches
  5 goblins
  4 hobgoblins
  2 ball pythons
  A frilled lizard (D:1)
  3 kobolds
28 creatures vanquished.

Notes
Turn   | Place    | Note
-------+----------+-------------------------------------------
     0 | D:1      | qw the Gargoyle Fighter began the quest for the Orb.
     0 | D:1      | Reached XP level 1. HP: 14/14 MP: 1/1
     0 | D:1      | 0 ||| qw: Version: 0.2-a-12-gaebbb33
     0 | D:1      | 0 ||| qw: Game counter: 748
     0 | D:1      | 0 ||| qw: Always use a shield: true
     0 | D:1      | 0 ||| qw: God list: Okawaru
     0 | D:1      | 0 ||| qw: Allow faded altars: false
     0 | D:1      | 0 ||| qw: Do Orc after D:15 true
     0 | D:1      | 0 ||| qw: Do second Lair branch before Depths: true
     0 | D:1      | 0 ||| qw: Lair rune preference: random
     0 | D:1      | 0 ||| qw: Plans: Normal, Zot:1-4, God:TSO, Crypt, Tomb,
                  | Pan, Slime:5, Hells, Abyss, Orb
     0 | D:1      | 0 ||| PLANNING D:1-11
   149 | D:1      | Reached skill level 2 in Axes
   529 | D:1      | Reached XP level 2. HP: 19/19 MP: 2/2
  1255 | D:1      | 1255 ||| DROPPING ring of wizardry.
  1256 | D:1      | 1256 ||| READING scroll labelled LIOQEQ YCSUOT.
  1257 | D:1      | 1257 ||| READING scroll labelled TOINOE POTZIU.
  1258 | D:1      | 1258 ||| READING scroll labelled ATSYPY JODEMO.
  1259 | D:1      | 1259 ||| READING scroll labelled HAOSTR JIRHO.
  1385 | D:2      | Reached skill level 3 in Axes
  1508 | D:2      | Noticed Natasha
  1517 | D:2      | Killed Natasha
  1518 | D:2      | Reached XP level 3. HP: 12/23 MP: 3/3
  1744 | D:2      | Reached XP level 4. HP: 26/28 MP: 4/4
  1825 | D:2      | Found a faded altar of an unknown god.
  1878 | D:2      | Reached skill level 4 in Axes
  2087 | D:2      | Noticed Natasha
  2097 | D:2      | HP: 5/28 [something (3)]
  2097 | D:2      | HP: 2/28 [iron imp[Natasha] (3)]
  2098 | D:2      | Slain by Natasha

Levels and vault maps discovered:
D:1:      erik_arrival_cave_to_civilisation [erik_arrival_cave_to_hall],
          layout_basic, minmay_crystal_water, feat_on_display
D:2:      layout_loops_cross, shapermc_ecumenical_altar_mp_vishouse,
          minivault_26, serial_bayou_pond_b, minmay_unequal, uniq_natasha

Skill      XL: |  1  2  3  4 |
---------------+-------------+-----
Axes           | 2 3 4 |  4.0
Fighting       | |  3.2
Armour         | |  3.2
Shields        | |  3.2

Action                   |  1- 3 |  4- 6 || total
-------------------------+-------+-------++-------
Melee: War axe           |    56 |    17 ||    73
  Use: Scroll            |     4 |       ||     4
Armor: Scale mail        |    20 |    10 ||    30
Dodge: Dodged            |    11 |     6 ||    17
Block: Buckler           |    10 |     2 ||    12

Table legend:
 A = Non-vault XP
 B = Vault XP
 C = Vault XP percentage of total XP
 D = Non-vault monster count
 E = Vault monster count
 F = Vault count percentage of total count
                 A         B        C        D         E       F
            +---------+---------+-------+---------+---------+-------
      Total |      42 |      68 |  61.8 |      17 |      11 |  39.3
            +---------+---------+-------+---------+---------+-------
        D:1 |      23 |       4 |  14.8 |      13 |       2 |  13.3
        D:2 |      19 |      64 |  77.1 |       4 |       9 |  69.2
            +---------+---------+-------+---------+---------+-------
